 Dungeon Sprint DCSS version 0.28.0-47-ge53b351184 (webtiles) character file.

Game seed: 2521875220289869183

285 GigaChad the Blocker (level 6, -14/62 HPs)
             Began as a Minotaur Fighter on May 2, 2022.
             Demolished by a yellow draconian
             ... wielding a +0 battleaxe
              (16 damage)
             ... in the Dungeon (Sprint V: "Ziggurat Sprint").
             The game lasted 00:02:44 (132 turns).

GigaChad the Blocker (Minotaur Fighter)              Turns: 132, Time: 00:02:44

Health: -14/62     AC: 24    Str: 26    XL:     6   Next: 7%
Magic:  5/5        EV:  2    Int: 11    God:
Gold:   0          SH: 18    Dex: 12    Spells: 5/5 levels left

rFire   . . .      SeeInvis +   L - +14 obsidian axe {vorpal, Mesm Drain Fly SInv}
rCold   . . .      Faith    .   F - +3 tower shield
rNeg    . . .      Spirit   .   k - +5 crystal plate armour
rPois   .          Reflect  .   (helmet restricted)
rElec   .          Harm     .   (no cloak)
rCorr   .          Rampage  .   (no gloves)
Will    .....      NoTele   +   (no boots)
Stlth   ..........              (no amulet)
HPRegen 0.20/turn               C - +6 ring of strength
MPRegen 0.09/turn               A - +6 ring of intelligence

@: flying, mesmerised
A: horns 2, retaliatory headbutt
a: no special abilities


You were in the Dungeon.
You visited 1 branch

Inventory:

Hand Weapons
 a - a +0 long sword
 G - a +5 demon blade
 H - a +5 great sword
 I - the +6 Majin-Bo {vamp, MP+6 Int+6}
   (You found it in the Dungeon)

   It occasionally heals its wielder for a portion of the damage dealt when they
   wound a living foe with it or with a spell.
   Its wielder's spells cost health as well as magical power.
   Int:       It affects your intelligence (+6).
   MP:        It affects your magic capacity (+6).
 J - the +10 dark maul {vorpal}
   (You found it in the Dungeon)

   It inflicts extra damage upon your enemies.
 K - the +9 heavy crossbow "Sniper" {vorpal, Acc+∞ SInv}
   (You found it in the Dungeon)

   Any ammunition fired from it inflicts extra damage upon your enemies.
   Any ammunition fired from it never misses its target.
   SInv:      It lets you see invisible.
 L - the +14 obsidian axe (weapon) {vorpal, Mesm Drain Fly SInv}
   (You found it in the Dungeon)

   It inflicts extra damage upon your enemies.
   It occasionally summons demons to assist the wielder when it strikes in
   combat.
   Its wielder is mesmerised by any visible foes.
   It cannot be unequipped while any foes are visible.
   SInv:      It lets you see invisible.
   Fly:       It grants you flight.
   Drain:     It drains your maximum health when unequipped.
Armour
 b - a +0 scale mail
 c - a +0 buckler
 k - a +5 crystal plate armour (worn)
 F - a +3 tower shield (worn)
 M - the +15 Maxwell's patent armour {-Cast -Tele rElec Will+ rCorr}
   (You found it in the Dungeon)

   rElec:     It insulates you from electricity.
   -Cast:     It prevents spellcasting.
   -Tele:     It prevents most forms of teleportation.
   rCorr:     It protects you from acid and corrosion.
   Will:      It increases your willpower.
 N - the +18 shield of the Gong {rElec rN+ Will+ EV-5}
   (You found it in the Dungeon)

   It is deafeningly noisy when blocking attacks.
   EV:        It affects your evasion (-5).
   rElec:     It insulates you from electricity.
   rN:        It protects you from negative energy.
   Will:      It increases your willpower.
Jewellery
 x - a ring of flight
 y - a +6 ring of dexterity
 z - a +6 ring of dexterity
 A - a +6 ring of intelligence (right hand)
 B - a +6 ring of intelligence
 C - a +6 ring of strength (left hand)
 D - a +6 ring of strength
Wands
 u - a wand of mindburst (6)
 v - a wand of iceblast (7)
 w - a wand of acid (7)
Scrolls
 j - 4 scrolls of blinking
 p - 4 scrolls of amnesia
 q - 7 scrolls of fog
 r - a scroll of holy word
 s - 5 scrolls of identify
 t - 2 scrolls of fear
Potions
 d - 6 potions of might
 e - 10 potions of curing
 f - 10 potions of heal wounds
 g - 6 potions of haste
 h - 7 potions of magic
 i - 3 potions of berserk rage
 l - 2 potions of brilliance
 m - 2 potions of invisibility
 n - 4 potions of resistance
 o - a potion of experience
Miscellaneous
 E - a lightning rod (4/4)
 O - a phial of floods
 P - a piece from Xom's chessboard (15/15)


   Skills:
 + Level 8.7 Fighting
 + Level 4.6 Long Blades
 + Level 3.9 Axes
 + Level 8.8 Armour
 + Level 9.2 Shields


You had 5 spell levels left.
You didn't know any spells.
Your spell library contained the following spells:

 Spells                   Type           Power      Damage    Failure   Level
 Scorch                   Fire           0%         2d5       100%        2
 Flame Wave               Conj/Fire      0%         2d4       100%        4
 Summon Cactus Giant      Summ           0%         N/A       100%        6


Dungeon Overview and Level Annotations

Branches:
Dungeon (1/1)

Altars:
Ashenzari
Cheibriados
Dithmenos
Elyvilon
Fedhas
Gozag
Hepliaklqana
Kikubaaqudgha
Makhleb
Nemelex Xobeh
Okawaru
Qazlal
Ru
Sif Muna
Trog
Uskayaw
Vehumet
Wu Jian
Xom
Yredelemnul
Zin
The Shining One
Beogh
Jiyva
Lugonu

Annotations:
D 1 transporter


Innate Abilities, Weirdness & Mutations

You have a pair of horns on your head.
You reflexively headbutt those who attack you in melee.


Message History

You block the green draconian's attack.
The draconian hits you but does no damage.
The yellow draconian spits acid at you. You block the glob of acid.
The draconian hits you with a +0 hand axe!
* * * LOW HITPOINT WARNING * * *
The green draconian hits you but does no damage.
You block the green draconian's attack.
You barely miss the green draconian.
Your headbutt misses the green draconian.
The green draconian is heavily wounded.
You hit the draconian but do no damage. You hit the yellow draconian.
You slash the draconian! The draconian completely misses you.
The yellow draconian hits you but does no damage.
You block the draconian's attack. You block the green draconian's attack.
The green draconian tail-slaps you but does no damage.
The draconian hits you with a +0 club.
* * * LOW HITPOINT WARNING * * *
You block the yellow draconian's attack.
Aiming: Mindburst
Press: ? - help, Shift-Dir - straight line, f - green draconian
Aim: a green draconian, wielding a +0 dire flail (heavily wounded, mesmerising, chance to affect: 47%)
The green draconian's mind is blasted!!
The draconian hits you but does no damage.
You block the green draconian's attack. x2
The draconian hits you but does no damage.
The yellow draconian hits you with a +0 battleaxe!
* * * LOW HITPOINT WARNING * * *
Visions of slaying the draconian flood into your mind.
You cannot move away from the draconian!
You cannot move away from the draconian!
You completely miss the draconian.
You headbutt the draconian, but do no damage.
The draconian is lightly wounded.
You slash the draconian! You hit the green draconian.
You slash the yellow draconian!
Visions of slaying the green draconian flood into your mind.
The draconian completely misses you. You block the draconian's attack.
The yellow draconian hits you with a +0 battleaxe!
You die...

▓▓▓▓▓▓▓▓▓▓▓▓▓▓▓▓▓▓▓
▓.8©8.▓.8©8.▓.8©8.▓
▓.)}|.▓.....▓.....▓
▓..=..▓.....▓.).|.▓
▓.....▓.†...▓.....▓
▓.dd..▓.....▓.....▓
▓.@d..▓.....▓..©..▓
▓..d..▓..©..▓▓▓▓▓▓▓
▓▓▓▓▓▓▓▓▓▓▓▓▓


You could see a yellow draconian, a green draconian (mesmerising) and 2
draconians.

Vanquished Creatures
  3 necrophages (D)
  An iron imp (D)
  An ufetubus (D)
5 creatures vanquished.

Notes
Turn   | Place    | Note
-------+----------+-------------------------------------------
     0 | D        | GigaChad the Minotaur Fighter began the quest for the Orb.
     0 | D        | Reached XP level 1. HP: 19/19 MP: 0/0
     7 | D        | Banished a spatial maelstrom
    15 | D        | Found a shimmering blue altar of Sif Muna.
    15 | D        | Found a bloodstained altar of Trog.
    15 | D        | Found a sacrificial altar of Ru.
    15 | D        | Found a stormy altar of Qazlal.
    15 | D        | Found an iron altar of Okawaru.
    16 | D        | Found a sparkling altar of Nemelex Xobeh.
    16 | D        | Found a blossoming altar of Fedhas.
    16 | D        | Found the +6 Majin-Bo {vamp, MP+6 Int+6}
    16 | D        | Found the +9 heavy crossbow "Sniper" {vorpal, Acc+∞ SInv}
    16 | D        | Found the +10 dark maul {vorpal}
    16 | D        | Found the +15 Maxwell's patent armour {-Cast -Tele rElec
                  | Will+ rCorr}
    16 | D        | Found the +18 shield of the Gong {rElec rN+ Will+ EV-5}
    16 | D        | Found the +14 obsidian axe {vorpal, Mesm Drain Fly SInv}
    16 | D        | Found the +7 great mace "Firestarter" {inner flame, rF++}
    16 | D        | Found the +6 shillelagh "Devastator" {shatter}
    16 | D        | Found the +11 plutonium sword {Contam Stlth-}
    16 | D        | Found the +8 lance "Wyrmbane" {slay drac, rPois rF+ rC+
                  | AC+3}
    16 | D        | Found the +9 sword of Zonguldrok {reap}
    16 | D        | Found the +13 scythe of Curses {drain, Drain}
    16 | D        | Found the +5 sword of Power {vorpal}
    16 | D        | Found the +7 mace of Variability {chain chaos}
    16 | D        | Found the +7 Singing Sword {vorpal, sonic wave}
    16 | D        | Found the +8 storm bow {elec, penet}
    18 | D        | Found a transporter.
    18 | D        | Found an ancient bone altar of Kikubaaqudgha.
    18 | D        | Found a viscous altar of Jiyva.
    18 | D        | Found a corrupted altar of Lugonu.
    18 | D        | Found a hazy altar of Hepliaklqana.
    18 | D        | Found a burning altar of Makhleb.
    18 | D        | Found an opulent altar of Gozag.
    86 | D        | Entered arena 2.
    86 | D        | Noticed an iron imp
    86 | D        | Found a transporter.
    91 | D        | Killed an iron imp
    92 | D        | Reached skill level 5 in Fighting
    92 | D        | Reached skill level 5 in Armour
    92 | D        | Reached skill level 5 in Shields
    92 | D        | Reached XP level 2. HP: 28/29 MP: 1/1
    95 | D        | Reached XP level 3. HP: 35/36 MP: 2/2
   104 | D        | Entered arena 3.
   104 | D        | Noticed a necrophage
   104 | D        | Noticed a necrophage
   104 | D        | Noticed a necrophage
   104 | D        | Found a transporter.
   107 | D        | Killed a necrophage
   108 | D        | Reached skill level 1 in Axes
   108 | D        | Reached skill level 7 in Shields
   108 | D        | Reached XP level 4. HP: 45/45 MP: 3/3
   110 | D        | Killed a necrophage
   110 | D        | Killed a necrophage
   111 | D        | Reached skill level 9 in Shields
   111 | D        | Reached XP level 5. HP: 55/56 MP: 4/4
   111 | D        | Reached XP level 6. HP: 61/62 MP: 5/5
   123 | D        | Entered arena 4.
   123 | D        | Noticed a green draconian
   123 | D        | Noticed a draconian
   123 | D        | Noticed a draconian
   123 | D        | Noticed a yellow draconian
   123 | D        | Found a transporter.
   130 | D        | HP: 2/62 [yellow draconian/+0 battleaxe (7)]
   132 | D        | Demolished by a yellow draconian

Illustrated notes

Levels and vault maps discovered:
D:        sprint_v [room_start, room_1, room_2, room_3, room_4, room_5, room_6,
          room_7, room_8, room_9, room_10, room_11, room_12, room_13, room_14,
          room_15, room_16, room_17, room_18, room_19, room_20, room_21,
          room_22, room_23, room_24, room_25, room_26, room_27]

Skill      XL: |  1  2  3  4 |
---------------+-------------+-----
Fighting       | 5 6 8 |  8.7
Long Blades    | 3 4 |  4.6
Armour         | 5 7 8 |  8.8
Shields        | 5 7 9 |  9.2
Axes           | 1 3 |  3.9

Action                   |  1- 3 |  4- 6 || total
-------------------------+-------+-------++-------
Melee: Demon blade       |     5 |       ||     5
       Broad axe         |     1 |     8 ||     9
       Headbutt          |       |     1 ||     1
Evoke: Wand              |       |     1 ||     1
Armor: Crystal plate arm |    21 |    15 ||    36
Dodge: Dodged            |     1 |     3 ||     4
Block: Tower shield      |    15 |    18 ||    33
